 Dungeon Crawl Stone Soup version 5.7-8-g3a8b389 (webtiles) character file.

20 Thrkk the Skirmisher (level 3, -1/26 HPs)
             Began as a Skeleton Fighter on Sept 27, 2018.
             Slain by Crazy Yiuf
             ... wielding a +4 quarterstaff of chaos
              (2 damage)
             ... on level 2 of the Dungeon.
             The game lasted 00:02:31 (1458 turns).

Thrkk the Skirmisher (Skeleton Fighter)             Turns: 1458, Time: 00:02:31

Health: -1/26      AC:  6 (28%)Str: 18  XL:     3   Next: 52%
Magic:  4/4        EV:  7    Int:  6    God:
Gold:   88         SH:  9    Dex: 11    Spells: 5/5 levels left

rFire    . . .     SeeInvis .   a - +0 long sword
rCold    + . .     Faith    .   c - +0 shield
rNeg     + + +     Spirit   .   b - +0 scale mail
rPois    ∞         Reflect  .   (no helmet)
rElec    .                      (no cloak)
rCorr    .                      (no gloves)
MR       .....                  (no boots)
Stlth    ..........             (no amulet)
Regen    0.1/turn               (no ring)
MPRegen  0.2/turn               (no ring)

@: no status effects
A: spooky, fear immunity, bone armour, cold resistance 1, negative energy
resistance 3, torment resistance, unbreathing
a: no special abilities


You were on level 2 of the Dungeon.
You were not hungry.

You visited 1 branch of the dungeon, and saw 2 of its levels.

You collected 88 gold pieces.

Inventory:

Hand Weapons
 a - a +0 long sword (weapon)
Missiles
 h - 61 poisoned darts (quivered)
Armour
 b - a +0 scale mail (worn)
 c - a +0 shield (worn)
Jewellery
 f - an uncursed amulet of faith
Scrolls
 e - a scroll of amnesia
 i - a scroll of blinking
 j - a scroll of enchant weapon
Potions
 d - a potion of augmentation
 g - a potion of flight


   Skills:
 + Level 3.4 Fighting
 + Level 2.9 Blades
 - Level 2.6 Armour
 - Level 3.2 Shields


You had 5 spell levels left.
You didn't know any spells.
Your spell library was empty.

Dungeon Overview and Level Annotations

Branches:
Dungeon (2/15)

Altars:

Annotations:
D:2 Crazy Yiuf


Innate Abilities, Weirdness & Mutations

You are spooky and scary.
You do not feel fear.
You gain temporary bone armour from killing.
You are immune to poison.
Your flesh is cold resistant. (rC+)
You are immune to negative energy. (rN+++)
You are immune to unholy pain and torment.
You can survive without breathing.


Message History

Crazy Yiuf is lightly wounded.
Crazy Yiuf hits you with a +4 quarterstaff of chaos (10)!
There is a fiery explosion!
You are burned (2)!
You block Crazy Yiuf's attack.
You hit Crazy Yiuf but do no damage.
Crazy Yiuf is lightly wounded.
Crazy Yiuf laughs, "Race!"
Crazy Yiuf hits you with a +4 quarterstaff of chaos (4).
There is a fiery explosion!
You are burned (1)!
You barely miss Crazy Yiuf.
Crazy Yiuf is moderately wounded.
Crazy Yiuf barely misses you.
You hit Crazy Yiuf (5).
Crazy Yiuf is heavily wounded.
You block Crazy Yiuf's attack.
You hit Crazy Yiuf but do no damage.
Crazy Yiuf is heavily wounded.
Crazy Yiuf hits you with a +4 quarterstaff of chaos (9)!
* * * LOW HITPOINT WARNING * * *
Crazy Yiuf freezes you (2).
You die...

######## # ## #####
#. #..)#
.........## #...#
#.........# ...
#?........# #g#
#.........# ♣♣@♣
#.........# ♣.♣♣
#.........# ♣♣.♣
#.........## ♣.♣♣
#.........'. ♣♣.♣♣
#.........## ♣.PP♣♣
#####'##### ♣..P.♣
#####.# ##..##
#.....#
#)..)#######..#####


You could see Crazy Yiuf.

Vanquished Creatures
  A dart slug (D:1)
  2 quokkas (D:1)
  3 giant cockroaches
  4 goblins (D:1)
  4 hobgoblins
  10 jackals
  A ball python (D:1)
  3 bats
  A frilled lizard (D:1)
  2 kobolds (D:1)
  A rat (D:1)
32 creatures vanquished.

Notes
Turn   | Place    | Note
-------+----------+-------------------------------------------
     0 | D:1      | Thrkk the Skeleton Fighter began the quest for the Orb.
     0 | D:1      | Reached XP level 1. HP: 15/15 MP: 2/2
   183 | D:1      | Reached XP level 2. HP: 16/20 MP: 3/3
  1022 | D:1      | Reached XP level 3. HP: 26/26 MP: 4/4
  1447 | D:2      | Found a runed door.
  1451 | D:2      | Noticed Crazy Yiuf
  1458 | D:2      | HP: 1/26 [Crazy Yiuf/+4 quarterstaff of chaos (9)]
  1458 | D:2      | Slain by Crazy Yiuf

Skill      XL: |  1  2 |
---------------+-------+-----
Fighting       | 3 |  3.4
Blades         | |  2.9
Armour         | |  2.6
Shields        | |  3.2

Action                   || total
-------------------------++-------
Melee: Long sword        ||   143
Throw: Poisoned dart     ||     2
Armor: Scale mail        ||    74
Dodge: Dodged            ||    51
Block: Shield            ||    88
